 Dungeon Crawl Stone Soup version 0.25-a0-1071-g2607d5cfa1 (webtiles) character file.

Game seed: 5756738948010675996, levelgen mode: deterministic

69743 EWolf27 the Grappler (level 14, -9/143 HPs)
             Began as a Troll Berserker on May 13, 2020.
             Was a High Priest of Trog.
             Killed from afar by a hellion (33 damage)
             ... with damnation
             ... on level 4 of the Abyss on May 14, 2020.
             The game lasted 01:59:01 (24216 turns).

EWolf27 the Grappler (Troll Berserker)             Turns: 24216, Time: 01:59:01

Health: -9/143     AC: 17    Str: 30    XL:     14   Next: 91%
Magic:  13/13      EV: 28    Int:  4    God:    Trog [*****.]
Gold:   1056       SH: 11    Dex: 10    Spells: 13/13 levels left

rFire    . . .     SeeInvis .     - Unarmed
rCold    . . .     Gourm    +   g - +0 kite shield {AC+3}
rNeg     . . .     Faith    .   v - +4 steam dragon scales
rPois    +         Spirit   .   (helmet restricted)
rElec    .         Reflect  .   l - +0 cloak
rCorr    .         Harm     .   (gloves unavailable)
MR       ++...                  (boots unavailable)
Stlth    +.........             i - amulet of the acrobat
HPRegen  0.73/turn              K - ring of poison resistance
MPRegen  0.13/turn              w - ring of protection from magic

@: about to teleport, acrobat, hasted, drained, very quick
A: large, unfitting armour, claws 3, fast metabolism 3, gourmand, regeneration
1, shaggy fur 1, tough skin 3
a: Berserk, Trog's Hand, Brothers in Arms, Renounce Religion


You were on level 4 of the Abyss.
You worshipped Trog.
Trog was extremely pleased with you.
You were very full.

You visited 4 branches of the dungeon, and saw 24 of its levels.
You visited the Abyss 1 time.
You also visited: Sewer.

You collected 1924 gold pieces.
You spent 868 gold pieces at shops.

Inventory:

Hand Weapons
 a - a +3 giant spiked club of flaming
 s - a +10 antimagic quick blade
 t - the +5 eveningstar of Ruecsuroiv {vamp, rF+ rN+ Int+2 Stlth+}
   (You acquired it on level 13 of the Dungeon)

   It inflicts no extra harm, but heals its wielder when it wounds a living foe.
   It affects your intelligence (+2).
   It protects you from fire.
   It protects you from negative energy.
   It makes you more stealthy.
Missiles
 e - 25 poisoned darts (quivered)
 f - 16 large rocks
Armour
 g - a +0 kite shield of protection (worn)
 l - a +0 cloak (worn)
 v - +4 steam dragon scales (worn)
Jewellery
 i - an amulet of the acrobat (around neck)
 q - an uncursed ring of protection from magic
 w - a ring of protection from magic (right claw)
 E - an uncursed ring of resist corrosion
 F - a +2 ring of evasion
 J - an uncursed amulet of faith
 K - a ring of poison resistance (left claw)
Wands
 u - a wand of flame (86)
 z - a wand of enslavement (9)
 G - a wand of disintegration (9)
 H - a wand of iceblast (10)
 P - a wand of acid (5)
Scrolls
 c - 3 scrolls of identify
 h - 2 scrolls of magic mapping
 k - 13 scrolls of remove curse
 n - 2 scrolls of blinking
 o - a scroll of immolation
 y - 2 scrolls of fog
 A - 3 scrolls of teleportation
 D - 2 scrolls of fear
 Q - a scroll of brand weapon
Potions
 d - 10 potions of curing
 m - 4 potions of berserk rage
 p - a potion of invisibility
 r - a potion of heal wounds
 x - a potion of haste
 B - a potion of ambrosia
 C - 4 potions of flight
 I - 3 potions of might
 L - a potion of resistance
 N - 3 potions of lignification
 S - 2 potions of cancellation
Comestibles
 b - 34 rations


   Skills:
 - Level 10.0(9.1) Fighting
 + Level 9.9(9.0) Maces & Flails
 - Level 8.0(7.1) Throwing
 - Level 10.0(9.1) Dodging
 + Level 7.3(6.5) Shields
 + Level 14.3(13.4) Unarmed Combat


You had 13 spell levels left.
You didn't know any spells.
Your spell library was empty.

Dungeon Overview and Level Annotations

Branches:
Dungeon (15/15)            Temple (1/1) D:4            Lair (6/6) D:10
 Shoals (0/4) Lair:3        Snake (0/4) Lair:4        Slime (0/5) Lair:5
    Orc (2/2) D:9             Elf (0/3) Orc:2        Depths (0/5) D:15
  Sewer (visited)
 Vaults: D:13-14

Altars:
Ashenzari
Dithmenos
Elyvilon
Fedhas
Gozag
Kikubaaqudgha
Nemelex Xobeh
Okawaru
Qazlal
Ru
Sif Muna
Trog
Uskayaw
Vehumet
Wu Jian
Xom
Yredelemnul
Zin
The Shining One
Beogh

Shops:
D:5 (   D:6 *   D:11 !   D:12 *}}   Orc:2 }[?[

Annotations:
D:12 1 transporter
Lair:5 Rupert


Innate Abilities, Weirdness & Mutations

You are too large for most types of armour.
You have claws for hands.
Your metabolism is lightning-fast.
You like to eat raw meat.
Your natural rate of healing is unusually fast.
You are covered in fur. (AC +1)
You have extremely tough skin. (AC +3)


Message History

You hear a bark! x4; You hear a shout!
The hellion gestures at you.
The sphere of damnation explodes!
The damnation engulfs you!!
You hear a shout!
You feel yourself speed up. The hellion gestures at you.
The sphere of damnation explodes!
The damnation engulfs you!!
* * * LOW HITPOINT WARNING * * *
You hear a bark!
You hear a shout! x2
As you read the scroll of teleportation, it crumbles to dust.
You feel strangely unstable.
You feel the power of the Abyss delaying your translocation!
A naga mage comes into view.
The hellion gestures at you.
The sphere of damnation explodes!
The damnation engulfs you!!
* * * LOW HITPOINT WARNING * * *
You hear a shout!
The hellion gestures at you.
The sphere of damnation explodes!
The damnation engulfs you!!
You die...

. .....#... ##.#.#
#. .#....##...#N#
......#.#....#.##.
#......2###.....#
##..........# ...
####.##..#.#....
##...D....#
#....#.#.#
#.#.#@..#
..#.#.#.#.#
###..#. .###
...##. .# #.#. #.
.# .. .. ## .# .


You could see a bone dragon, a naga mage and a hellion.

Vanquished Creatures
  Jorgrun (Orc:2)
  An ogre mage (Orc:2)
  Erolcha (Orc:2)
  A catoblepas (Lair:6)
  4 hydras
  2 centaur warriors
  5 two-headed ogres
  A dancing weapon (Abyss:4)
  3 death yaks (Lair:3)
  A tengu warrior (D:14)
  Urug (D:13)
  Nergalle (Lair:2)
  2 unseen horrors
  A wizard (D:14)
  6 ugly things
  3 cyclopes
  3 manticores
  11 orc sorcerers
  4 oklob plants (Lair:5)
  6 black mambas
  A merfolk siren (Lair:3)
  Psyche (D:9)
  Maggie (D:6)
  5 spiny frogs
  A komodo dragon (shapeshifter) (D:13)
  A rime drake (Lair:2)
  An efreet (D:13)
  4 komodo dragons
  5 trolls
  A queen bee (D:13)
  A polar bear (Lair:4)
  A harpy skeleton (D:15)
  A hornet (Lair:5)
  11 dream sheep
  17 blink frogs
  11 hippogriffs
  6 spriggans (Lair:2)
  A shadow (D:11)
  2 wyverns
  4 basilisks
  42 yaks
  Grum (D:10)
  A vampire mosquito (D:12)
  A hungry ghost (D:12)
  5 wargs
  An acid dragon (D:14)
  12 water moccasins
  7 porcupines
  20 orc warriors
  Purgy (Sewer)
  6 ice beasts
  2 sky beasts
  An eye of draining (D:12)
  11 wolves
  2 necrophages
  20 ogres
  11 centaurs
  9 crocodiles
  2 big kobolds
  13 bullfrogs
  4 scorpions
  27 killer bees
  6 howler monkeys
  4 crimson imps
  2 bullfrog zombies
  2 quasits
  5 jellies
  2 hounds (D:12)
  21 orc priests
  5 centaur skeletons
  4 iguanas
  3 bullfrog skeletons
  7 worker ants
  40 orc wizards
  2 hound zombies
  3 hound skeletons
  Robin (D:3)
  2 howler monkey skeletons (D:8)
  16 adders
  4 gnolls (D:6)
  6 shadow imps
  4 oozes
  An adder zombie (D:4)
  An adder skeleton (D:6)
  A worm (D:3)
  3 dart slugs
  6 leopard geckos
  93 orcs
  7 giant cockroaches
  12 goblins
  13 hobgoblins
  8 jackals
  13 kobolds
  5 quokkas
  A ball python (D:2)
  9 bats
  6 frilled lizards
  A leopard gecko skeleton (D:5)
  2 quokka skeletons
  6 rats
  2 plants
662 creatures vanquished.

Vanquished Creatures (collateral kills)
  An orc warlord (Orc:2)
  Snorg (D:12)
  A hydra (D:11)
  A two-headed ogre (D:9)
  An orc sorcerer (Orc:2)
  A freezing wraith (D:13)
  A vampire mosquito (D:12)
  An ogre (Orc:2)
  A wolf (D:9)
  A crimson imp (D:13)
  2 orc wizards (Orc:2)
  An iguana (D:9)
13 creatures vanquished.

Vanquished Creatures (others)
  A dream sheep (Lair:5)
  2 plants
3 creatures vanquished.

Grand Total: 678 creatures vanquished

Notes
Turn   | Place    | Note
-------+----------+-------------------------------------------
     0 | D:1      | EWolf27 the Troll Berserker began the quest for the Orb.
     0 | D:1      | Reached XP level 1. HP: 22/22 MP: 0/0
   103 | D:1      | Reached XP level 2. HP: 29/29 MP: 1/1
   407 | D:1      | Reached ** piety under Trog
   429 | D:1      | Reached XP level 3. HP: 36/36 MP: 2/2
   565 | D:2      | Reached skill level 4 in Unarmed Combat
   652 | D:2      | Found a shadowy altar of Dithmenos.
   692 | D:2      | Reached XP level 4. HP: 44/45 MP: 3/3
  1092 | D:3      | Reached *** piety under Trog
  1223 | D:3      | Noticed Robin
  1241 | D:3      | Reached skill level 5 in Unarmed Combat
  1241 | D:3      | Reached XP level 5. HP: 28/53 MP: 4/4
  1270 | D:3      | Killed Robin
  1511 | D:3      | Found a glowing drain.
  1530 | Sewer    | Entered a sewer
  1566 | Sewer    | Noticed Purgy
  1582 | Sewer    | Killed Purgy
  1582 | Sewer    | Reached XP level 6. HP: 35/62 MP: 5/5
  1802 | D:3      | Found an iron altar of Okawaru.
  1827 | D:3      | Found an ancient bone altar of Kikubaaqudgha.
  1954 | D:4      | Reached skill level 6 in Unarmed Combat
  2117 | D:4      | Reached **** piety under Trog
  2121 | D:4      | Reached XP level 7. HP: 51/71 MP: 6/6
  2244 | D:4      | Found a staircase to the Ecumenical Temple.
  2298 | Temple   | Entered the Ecumenical Temple
  2532 | D:4      | Reached skill level 7 in Unarmed Combat
  2565 | D:5      | Entered Level 5 of the Dungeon
  2892 | D:5      | Noticed a two-headed ogre
  2930 | D:5      | Killed a two-headed ogre
  2930 | D:5      | Reached skill level 5 in Fighting
  2930 | D:5      | Reached skill level 9 in Unarmed Combat
  2930 | D:5      | Reached XP level 8. HP: 83/83 MP: 7/7
  3185 | D:5      | Found Aplawk's Antique Weapon Boutique.
  3337 | D:6      | Noticed Maggie
  3360 | D:6      | Killed Maggie
  3360 | D:6      | Reached skill level 10 in Unarmed Combat
  3432 | D:6      | Reached XP level 9. HP: 89/89 MP: 8/8
  3557 | D:6      | Found Qaevvu's General Store.
  3585 | D:6      | Bought a scroll of identify for 20 gold pieces
  3585 | D:6      | Bought a scroll of identify for 20 gold pieces
  3819 | D:6      | Reached skill level 1 in Maces & Flails
  3999 | D:7      | Found a shimmering altar of Xom.
  4000 | D:7      | Found a shimmering altar of Xom.
  4001 | D:7      | Found a shimmering altar of Xom.
  4228 | D:7      | Reached skill level 11 in Unarmed Combat
  4603 | D:7      | Found a shimmering blue altar of Sif Muna.
  5182 | D:8      | Reached XP level 10. HP: 98/98 MP: 9/9
  5569 | D:9      | Reached ***** piety under Trog
  5818 | D:9      | Reached skill level 12 in Unarmed Combat
  6200 | D:9      | Found an ornate altar of the Wu Jian Council.
  6259 | D:10     | Entered Level 10 of the Dungeon
  6364 | D:9      | Found a staircase to the Orcish Mines.
  6392 | D:9      | Noticed Psyche
  6402 | D:9      | Killed Psyche
  6402 | D:9      | Reached skill level 5 in Dodging
  6628 | D:9      | Noticed a two-headed ogre
  6641 | D:9      | Killed a two-headed ogre
  6641 | D:9      | Reached skill level 5 in Maces & Flails
  6924 | D:10     | Noticed Grum
  6924 | D:10     | Noticed a two-headed ogre
  6944 | D:9      | Killed a two-headed ogre
  7157 | D:10     | Killed Grum
  7240 | D:10     | Noticed a two-headed ogre
  7250 | D:10     | Killed a two-headed ogre
  7254 | D:10     | Reached XP level 11. HP: 57/105 MP: 10/10
  7643 | D:10     | Found a staircase to the Lair.
  8344 | D:11     | Noticed a four-headed hydra
  8352 | D:11     | Killed a four-headed hydra
  8352 | D:11     | Reached skill level 1 in Throwing
  8433 | D:11     | Found Wysej's Distillery.
  8449 | D:11     | Bought a potion of resistance for 120 gold pieces
  8449 | D:11     | Bought a potion of heal wounds for 60 gold pieces
  8449 | D:11     | Bought a potion of haste for 120 gold pieces
  8449 | D:11     | Bought a potion of heal wounds for 60 gold pieces
  8449 | D:11     | Bought a potion of heal wounds for 60 gold pieces
  8959 | D:12     | Noticed a two-headed ogre
  9155 | D:10     | Killed a two-headed ogre
  9398 | D:12     | Killed an unseen horror
  9474 | D:12     | Found Roiprik's Assorted Antiques.
  9478 | D:12     | Bought a scroll labeled UNUOFE ATOJACOILE for 38 gold
                  | pieces
  9530 | D:12     | Bought a scroll of teleportation for 114 gold pieces
  9530 | D:12     | Bought a scroll of teleportation for 114 gold pieces
  9577 | D:12     | Found Suipina's Gadget Boutique.
  9597 | D:12     | Received a gift from Trog
  9761 | D:12     | Noticed a five-headed hydra
  9786 | D:12     | Found Bioxkoas's Gadget Shoppe.
 10041 | D:12     | Noticed Snorg
 10050 | D:12     | Killed Snorg
 10050 | D:12     | Reached XP level 12. HP: 109/118 MP: 11/11
 10122 | D:12     | Found a transporter.
 10918 | D:13     | You fall into a shaft and drop 2 floors!
 10918 | D:15     | Entered Level 15 of the Dungeon
 10918 | D:15     | Found a staircase to the Depths.
 10918 | D:15     | Noticed a fire dragon
 10920 | D:15     | Noticed a fire dragon
 10944 | D:15     | Noticed a two-headed ogre
 10951 | D:15     | Killed a two-headed ogre
 10951 | D:15     | Reached skill level 5 in Throwing
 11461 | D:14     | Reached skill level 10 in Dodging
 11620 | D:14     | Noticed a tengu warrior
 11630 | D:14     | Killed a tengu warrior
 11648 | D:14     | Noticed a centaur warrior
 11661 | D:14     | Killed a centaur warrior
 11836 | D:14     | Found a blossoming altar of Fedhas.
 12053 | D:13     | Noticed Urug
 12221 | D:13     | Killed Urug
 12417 | D:13     | Noticed a centaur warrior
 12433 | D:13     | Killed a centaur warrior
 12433 | D:13     | Reached XP level 13. HP: 119/131 MP: 12/12
 12645 | D:13     | Reached skill level 1 in Shields
 13320 | D:13     | Identified a scroll of acquirement
 13320 | D:13     | Identified the amulet "Piataff" {Reflect rC+ SH+2} (You
                  | acquired it on level 13 of the Dungeon)
 13320 | D:13     | Identified the +5 eveningstar of Ruecsuroiv {vamp, rF+ rN+
                  | Int+2 Stlth+} (You acquired it on level 13 of the Dungeon)
 13402 | Lair:1   | Entered Level 1 of the Lair of Beasts
 15023 | Lair:1   | Found the +8 whip "Snakebite" {curare, rPois}
 15503 | Lair:1   | Upgraded the game from 0.25-a0-1036-g6f112fb28d to
                  | 0.25-a0-1071-g2607d5cfa1
 15605 | Lair:2   | Reached skill level 10 in Fighting
 16196 | Lair:2   | Noticed Nergalle
 16211 | Lair:2   | Killed Nergalle
 17333 | Lair:3   | Found a staircase to the Shoals.
 17884 | Lair:4   | Reached skill level 13 in Unarmed Combat
 18547 | Lair:4   | Reached XP level 14. HP: 106/143 MP: 13/13
 18741 | Lair:4   | Reached skill level 5 in Shields
 18746 | Lair:4   | Found a staircase to the Snake Pit.
 19939 | Lair:5   | Found a staircase to the Slime Pits.
 20718 | Lair:6   | Entered Level 6 of the Lair of Beasts
 21075 | Orc:1    | Entered Level 1 of the Orcish Mines
 21162 | Orc:2    | Entered Level 2 of the Orcish Mines
 21162 | Orc:2    | Found a staircase to the Elven Halls.
 21162 | Orc:2    | Noticed Jorgrun
 21174 | Orc:2    | Killed Jorgrun
 21184 | Orc:2    | Received a gift from Trog
 22250 | Orc:2    | Reached skill level 14 in Unarmed Combat
 22257 | Orc:2    | Found Dunaeps's Gadget Emporium.
 22333 | Orc:2    | Found a radiant altar of Vehumet.
 22333 | Orc:2    | Noticed Erolcha
 22370 | Orc:2    | Killed Erolcha
 22589 | Orc:2    | Found an ancient bone altar of Kikubaaqudgha.
 22666 | Orc:2    | Found a roughly hewn altar of Beogh.
 22667 | Orc:2    | Found Suypoigh's Antique Armour Emporium.
 22684 | Orc:2    | Found Peomnog's Magic Scroll Emporium.
 22697 | Orc:2    | Found Poqyagoesch's Antique Armour Shoppe.
 22720 | Orc:2    | Bought a scroll of teleportation for 45 gold pieces
 22720 | Orc:2    | Bought a scroll of fear for 52 gold pieces
 22720 | Orc:2    | Bought a scroll of teleportation for 45 gold pieces
 22842 | Orc:2    | Received a gift from Trog
 22863 | Orc:1    | Noticed an orc warlord
 23337 | Orc:2    | Killed an orc warlord
 24034 | Lair:6   | Noticed Rupert
 24069 | Lair:5   | Cast into level 4 of the Abyss (Rupert)
 24139 | Abyss:4  | Noticed a daeva
 24172 | Abyss:4  | Noticed a bone dragon
 24173 | Abyss:4  | Found a corrupted altar of Lugonu.
 24216 | Abyss:4  | Killed from afar by a hellion

Illustrated notes

Levels and vault maps discovered:
D:1:      dpeg_arrival_renting, layout_rooms
D:2:      layout_rooms, nicolae_overflow_crystal_walls
D:3:      layout_loops_ring, nicolae_overflow_hidden_temple,
          portal_sewer_entry_f, first_ration, uniq_robin
D:4:      layout_rooms, minmay_temple_entry_stoned_glass
D:5:      minmay_chambers_of_fours, layout_basic, serial_shops, shop
D:6:      layout_basic, serial_shops, shop, uniq_maggie
D:7:      layout_loops_ring, xom_redecorated, led_sif_pool
D:8:      layout_rooms
D:9:      layout_stronghold, overflow_temple_1_default, david_orc_2, uniq_psyche
D:10:     layout_rooms, erik_lair_orcish_takeover, serial_rivers,
          chequers_serial_rivers_micro_c, chequers_serial_rivers_small_3,
          chequers_serial_rivers_small_3, chequers_serial_rivers_large_a,
          chequers_serial_rivers_small_3, chequers_serial_rivers_micro_c,
          uniq_grum
D:11:     layout_roguey, serial_shops, shop
D:12:     gammafunk_the_bubble [the_bubble_gammafunk_crates], layout_layer_cave,
          serial_shops, nicolae_shop_crystal, kennysheep_mini_moat,
          nicolae_shop_crystal, uniq_snorg
D:13:     minmay_curly_fans, layout_long_grid, david_nohive_1, uniq_urug
D:14:     minmay_the_grid_triangle_9x9_recursive_3_mashed
          [minmay_the_grid_triangle_9x9_windchime,
          minmay_the_grid_triangle_9x9_dagger,
          minmay_the_grid_triangle_9x9_intruding_spiral,
          minmay_the_grid_triangle_9x9_prize_schism,
          minmay_the_grid_triangle_9x9_corruption,
          minmay_the_grid_triangle_9x9_from_above,
          minmay_the_grid_triangle_9x9_fully_insulated_deathbox,
          minmay_the_grid_triangle_9x9_flanged_cone,
          minmay_the_grid_triangle_9x9_impossible_snake], layout_loops_ring,
          david_vaults_4, fedhas_altar_3
D:15:     grunt_enter_depths_hoard, layout_cave_pools,
          chequers_serial_rivers_micro_a, portal_ice_cave_entry_ice_beasts,
          minmay_misc_feat_roman, grunt_ministairs_8,
          chequers_serial_rivers_micro_c, lemuel_tele_altar
Temple:   jpeg_temple_clearing
Lair:1:   minmay_guarded_unrand_snakebite, layout_hall_layers,
          lemuel_fruit_tree, grunt_megastairs_5
Lair:2:   kb_forest_paths, layout_regular_city, uniq_nergalle
Lair:3:   layout_regular_city, elwin_shoals_entry_rooms,
          infiniplex_staircase_pool_2
Lair:4:   layout_gridlike, dummy_snake_entry, grunt_megastairs_4,
          serial_bayou_shore_a
Lair:5:   minmay_lair_oklob_tunnel, layout_loops_ring,
          nicolae_slime_entry_slimehenge
Lair:6:   grunt_lair_end_beastmaster, layout_cave_pods,
          chequers_serial_rivers_micro_a, fungi_pond_lemuel, grunt_megastairs_3,
          uniq_sonja, uniq_rupert
Orc:1:    layout_diamond_mine, uniq_harold
Orc:2:    kennysheep_orc_mage_school, layout_diamond_mine, uniq_erolcha,
          uniq_jorgrun
Abyss:4:  base: D:4, eino_small_chamber_without_monster,
          evilmike_abyss_exit_smiterflies, evilmike_abyss_rune_tso_outpost,
          evilmike_abyss_exit_chaos, nicolae_abyss_rune_star_stuff,
          guppyfry_abyss_exit_spiral_guarded,
          evilmike_nicolae_abyss_rune_betentacled_crabyss

Skill      XL: |  1  2  3  4  5  6  7  8  9 10 11 12 13 14 |
---------------+-------------------------------------------+-----
Fighting       | 3 4 5 6 7 9 10 | 10.0
Unarmed Combat | 4 5 6 9 10 11 12 13 14 | 14.3
Maces & Flails | 3 6 7 9 |  9.9
Dodging        | 4 7 9 10 | 10.0
Throwing       | 4 7 8 |  8.0
Shields        | 4 7 |  7.3

Action                   |  1- 3 |  4- 6 |  7- 9 | 10-12 | 13-15 || total
-------------------------+-------+-------+-------+-------+-------++-------
Melee: Unarmed           |    91 |   193 |   206 |   646 |  1042 ||  2178
       Punch             |     2 |     2 |     7 |    37 |       ||    48
       Giant spiked club |       |       |       |     1 |       ||     1
       Eveningstar       |       |       |       |       |    36 ||    36
Throw: Dart              |       |     5 |       |     2 |    14 ||    21
Invok: Trog's Hand       |       |     2 |     3 |     6 |    14 ||    25
       Berserk           |       |       |     1 |       |     1 ||     2
       Brothers in Arms  |       |       |       |     5 |     4 ||     9
  Use: Scroll            |       |     5 |     5 |    19 |    15 ||    44
       Potion            |       |       |       |     3 |     4 ||     7
 Stab: Distracted        |       |       |     1 |       |       ||     1
       Sleeping          |       |       |       |       |     1 ||     1
  Eat: Chunk             |    12 |    13 |    31 |    62 |   104 ||   222
       Ration            |       |       |       |     4 |     3 ||     7
Armor: Animal skin       |    31 |    66 |    15 |       |       ||   112
       Steam dragon scal |       |       |    35 |   300 |   376 ||   711
Dodge: Dodged            |    39 |   110 |    93 |   697 |   618 ||  1557
Block: Kite shield       |       |       |       |     6 |   595 ||   601

Table legend:
 A = Non-vault XP
 B = Vault XP
 C = Vault XP percentage of total XP
 D = Non-vault monster count
 E = Vault monster count
 F = Vault count percentage of total count
                 A         B        C        D         E       F
            +---------+---------+-------+---------+---------+-------
      Total |   66480 |   33154 |  33.3 |     522 |     151 |  22.4
            +---------+---------+-------+---------+---------+-------
        D:1 |      49 |       0 |   0.0 |      25 |       0 |   0.0
        D:2 |      88 |       0 |   0.0 |      22 |       0 |   0.0
        D:3 |      93 |      42 |  31.1 |      23 |      15 |  39.5
        D:4 |     445 |       0 |   0.0 |      13 |       0 |   0.0
        D:5 |     392 |    1005 |  71.9 |      14 |       4 |  22.2
        D:6 |     740 |     389 |  34.5 |      20 |       1 |   4.8
        D:7 |     897 |       0 |   0.0 |      30 |       0 |   0.0
        D:8 |    1787 |       0 |   0.0 |      17 |       0 |   0.0
        D:9 |    2794 |     541 |  16.2 |      32 |       7 |  17.9
       D:10 |    3597 |     998 |  21.7 |      18 |      12 |  40.0
       D:11 |    5310 |       0 |   0.0 |      30 |       0 |   0.0
       D:12 |    2919 |     993 |  25.4 |      24 |       5 |  17.2
       D:13 |    5922 |    3163 |  34.8 |      40 |      15 |  27.3
       D:14 |    6130 |     956 |  13.5 |      12 |       2 |  14.3
       D:15 |    2070 |       0 |   0.0 |       5 |       0 |   0.0
     Lair:1 |    2469 |    3098 |  55.6 |      13 |      13 |  50.0
     Lair:2 |    2239 |    3242 |  59.1 |       6 |      12 |  66.7
     Lair:3 |    4619 |     435 |   8.6 |      12 |       1 |   7.7
     Lair:4 |    8713 |    1285 |  12.9 |      41 |       5 |  10.9
     Lair:5 |    6222 |    3922 |  38.7 |      29 |      14 |  32.6
     Lair:6 |    1061 |    1408 |  57.0 |       2 |       3 |  60.0
      Orc:1 |     957 |       0 |   0.0 |      15 |       0 |   0.0
      Orc:2 |    6967 |   10633 |  60.4 |      79 |      35 |  30.7
    Abyss:4 |       0 |     904 | 100.0 |       0 |       1 | 100.0
      Sewer |       0 |     140 | 100.0 |       0 |       6 | 100.0
            +---------+---------+-------+---------+---------+-------
